[Event "November 21 Early 2023"]
[Site "https://www.chess.com"]
[Date "2023.11.21"]
[Round "8"]
[White "AndresDelgado77"]
[Black "Skiadopoulos, Nikolaos"]
[Result "1-0"]
[Board "172"]
[TimeControl "180+1"]
[BlackFideId "4200772"]
[WhiteElo "2300"]
[BlackElo "2022"]
[BlackTeam "GRE"]
[WhiteClock "0:01:40"]
[BlackClock "0:01:02"]

1. e4 c5 2. Nf3 Nc6 3. b4 cxb4 4. d4 d5 5. exd5 Qxd5 6. c4 bxc3 7. Nxc3 Qa5 8. Bd2 Qd8 9. d5 Nb8 10. Qa4+ Bd7 11. Qb3 b6 12. Ne5 Qc7 13. d6 Qxd6 14. Qxf7+ Kd8 15. Qxf8+ Kc7 16. Bf4 Nc6 17. Nb5+ Kb7 18. Nxd6+ exd6 19. Qxd6 1-0

[Event "November 21 Early 2023"]
[Site "https://www.chess.com"]
[Date "2023.11.21"]
[Round "8"]
[White "Reprintsev, Alexander"]
[Black "Saim, Mohamed Ilias"]
[Result "1-0"]
[Board "173"]
[TimeControl "180+1"]
[WhiteFideId "14100541"]
[BlackFideId "7900465"]
[WhiteElo "2229"]
[BlackElo "2063"]
[WhiteTeam "UKR"]
[BlackTeam "ALG"]
[WhiteClock "0:02:11"]
[BlackClock "0:01:35"]

1. e4 c5 2. b3 Nc6 3. Bb2 e5 4. f4 d6 5. Bb5 Bd7 6. Qf3 Nd4 7. Bxd7+ Qxd7 8. Qd3 Qg4 9. Bxd4 Qxg2 10. Qf3 Qxf3 11. Nxf3 exd4 12. c3 dxc3 13. Nxc3 O-O-O 14. d4 Ne7 15. O-O-O Ng6 16. f5 Nf4 17. Ng5 Rd7 18. Rhf1 Nh5 19. dxc5 h6 20. Nf3 dxc5 21. Rxd7 Kxd7 22. Ne5+ Ke8 23. Nb5 f6 24. Ng6 Rg8 25. Rd1 Be7 26. Nc7+ Kf7 27. Rd7 1-0

[Event "November 21 Early 2023"]
[Site "https://www.chess.com"]
[Date "2023.11.21"]
[Round "8"]
[White "Kuchava, Ana"]
[Black "Filippova, Margarita"]
[Result "1-0"]
[Board "174"]
[TimeControl "180+1"]
[WhiteFideId "13605348"]
[BlackFideId "34199680"]
[WhiteElo "1950"]
[BlackElo "1916"]
[WhiteTeam "GEO"]
[BlackTeam "RUS"]
[WhiteClock "0:00:50"]
[BlackClock "0:00:09"]

1. d4 d5 2. Nf3 Nf6 3. c4 e6 4. Nc3 Be7 5. Bf4 a6 6. e3 O-O 7. Bd3 dxc4 8. Bxc4 b5 9. Bd3 Bb7 10. O-O c5 11. Rc1 c4 12. Bb1 Nh5 13. Be5 f6 14. Bg3 Nxg3 15. hxg3 Nd7 16. Qc2 g6 17. Nh4 f5 18. Nf3 Bf6 19. a3 Nb6 20. Rcd1 Nd5 21. Ne5 Nxc3 22. Qxc3 Bxe5 23. dxe5 Qe7 24. Rd6 Rfd8 25. Rfd1 Bd5 26. Qb4 Rxd6 27. exd6 Qg7 28. f3 Rd8 29. e4 Bb7 30. Qc5 Qd7 31. Bc2 Qc6 32. Qe5 Qb6+ 33. Kf1 Kf7 34. d7 Bc6 35. Rd6 Rf8 36. Qxe6+ Kg7 37. Qe7+ Rf7 38. d8=Q Qe3 39. Qdf8# 1-0

[Event "November 21 Early 2023"]
[Site "https://www.chess.com"]
[Date "2023.11.21"]
[Round "8"]
[White "Dwilewicz, Katarzyna"]
[Black "Pasmendjambvirgulptipon98"]
[Result "1-0"]
[Board "175"]
[TimeControl "180+1"]
[WhiteFideId "1148486"]
[WhiteElo "2098"]
[BlackElo "2217"]
[WhiteTeam "POL"]
[WhiteClock "0:02:27"]
[BlackClock "0:01:33"]

1. e4 e5 2. Nf3 Nc6 3. Bc4 Bc5 4. c3 Nf6 5. d4 exd4 6. e5 d5 7. Bb5 Ne4 8. cxd4 Bb4+ 9. Nbd2 Bg4 10. O-O Nxd2 11. Bxd2 Bxf3 12. Bxc6+ bxc6 13. gxf3 Be7 14. f4 O-O 15. f5 c5 16. Qg4 f6 17. e6 cxd4 18. Bh6 g5 19. fxg6 1-0

[Event "November 21 Early 2023"]
[Site "https://www.chess.com"]
[Date "2023.11.21"]
[Round "8"]
[White "Osiecki, Stanislaw"]
[Black "Koridze, Lile"]
[Result "0-1"]
[Board "176"]
[TimeControl "180+1"]
[WhiteFideId "1102990"]
[BlackFideId "13612514"]
[WhiteElo "2048"]
[BlackElo "2061"]
[WhiteTeam "POL"]
[BlackTeam "GEO"]
[WhiteClock "0:00:00"]
[BlackClock "0:00:42"]

1. e4 c5 2. c3 Nf6 3. e5 Nd5 4. d4 cxd4 5. Nf3 e6 6. cxd4 Nc6 7. a3 d6 8. Bd3 dxe5 9. dxe5 Qc7 10. O-O Be7 11. Re1 O-O 12. Qe2 g6 13. Bh6 Rd8 14. Nc3 Nxc3 15. bxc3 Na5 16. c4 Nb3 17. Ra2 Nc5 18. Bc2 b6 19. Ng5 Bb7 20. Qg4 Nd3 21. Bxd3 Rxd3 22. Qf4 Bxa3 23. h4 Bf8 24. Ne4 Bxh6 25. Qxh6 Qxe5 26. Rae2 Bxe4 27. Rxe4 Qg7 28. Qf4 h5 29. Qc7 Qf6 30. Rf4 Qg7 31. Qb7 Rdd8 32. Re3 e5 33. Rfe4 f6 34. Qc6 Rac8 35. Qe6+ Qf7 36. Qh3 Rxc4 37. g4 hxg4 38. Rxc4 gxh3 0-1

[Event "November 21 Early 2023"]
[Site "https://www.chess.com"]
[Date "2023.11.21"]
[Round "8"]
[White "Novik, Maxim"]
[Black "Chemin, Justo Reinaldo"]
[Result "1-0"]
[Board "177"]
[TimeControl "180+1"]
[WhiteFideId "4102924"]
[BlackFideId "2101580"]
[WhiteElo "2306"]
[BlackElo "1940"]
[WhiteTeam "LTU"]
[BlackTeam "BRA"]
[WhiteClock "0:01:16"]
[BlackClock "0:00:00"]

1. e4 e6 2. d4 d5 3. e5 c5 4. c3 Nc6 5. Nf3 Qb6 6. Bd3 Bd7 7. O-O cxd4 8. Re1 dxc3 9. Nxc3 Bb4 10. Be3 d4 11. Na4 Qa5 12. Bd2 Bxd2 13. Nxd2 Nxe5 14. b4 Qxa4 15. Qxa4 Bxa4 16. Rxe5 Bc6 17. Nb3 O-O-O 18. Rc1 Kb8 19. b5 Bd5 20. Nxd4 Bxa2 21. Nc6+ bxc6 22. bxc6 Rxd3 23. c7+ Kc8 24. Rb5 Rd1+ 25. Rxd1 Kxc7 26. Rc1+ Kd6 27. Rb8 h5 28. Rcc8 Rh6 29. Rd8+ Ke7 30. Rxg8 Rg6 31. f3 Bd5 32. Kf2 Kf6 33. Rgc8 h4 34. Rc7 Ke5 35. Rxf7 h3 36. g4 Rf6 37. Rxf6 gxf6 38. Kg3 f5 39. g5 f4+ 40. Kg4 Kd4 41. g6 e5 42. g7 e4 43. fxe4 Kxe4 44. Re8+ 1-0

[Event "November 21 Early 2023"]
[Site "https://www.chess.com"]
[Date "2023.11.21"]
[Round "8"]
[White "Fernandez Hernandez, Gerardo"]
[Black "Dilmukhametov, Artur"]
[Result "1-0"]
[Board "178"]
[TimeControl "180+1"]
[WhiteFideId "2207400"]
[BlackFideId "24179922"]
[WhiteElo "2114"]
[BlackElo "2176"]
[WhiteTeam "ESP"]
[BlackTeam "RUS"]
[WhiteClock "0:01:20"]
[BlackClock "0:00:54"]

1. e4 c6 2. d4 d5 3. exd5 cxd5 4. c4 Nf6 5. Nc3 Nc6 6. Bf4 a6 7. c5 Bf5 8. Nf3 e6 9. Bd3 Bxd3 10. Qxd3 Be7 11. O-O O-O 12. Rfe1 Rc8 13. Na4 Nd7 14. a3 a5 15. Rab1 b6 16. b4 axb4 17. axb4 Ra8 18. Qb5 Na7 19. Qd3 Nc6 20. Qb5 Na7 21. Qd3 b5 22. Nc3 Qe8 23. Nxb5 Nxc5 24. bxc5 Nc6 25. Nc7 1-0

[Event "November 21 Early 2023"]
[Site "https://www.chess.com"]
[Date "2023.11.21"]
[Round "8"]
[White "Pein, Jonathan"]
[Black "Nikulina, Alena"]
[Result "1-0"]
[Board "179"]
[TimeControl "180+1"]
[WhiteFideId "417092"]
[BlackFideId "4172051"]
[WhiteElo "2192"]
[BlackElo "1627"]
[WhiteTeam "ENG"]
[BlackTeam "RUS"]
[WhiteClock "0:00:11"]
[BlackClock "0:00:06"]

1. Nf3 d5 2. b3 c5 3. Bb2 Nc6 4. e3 Nf6 5. Bb5 Bd7 6. O-O e6 7. d4 a6 8. Bd3 Bd6 9. Nbd2 O-O 10. Ne5 Nxd4 11. exd4 cxd4 12. Bxd4 Qc7 13. Ndf3 b5 14. Nxd7 Nxd7 15. Bxh7+ Kxh7 16. Ng5+ Kg6 17. Nxe6 fxe6 18. Qg4+ Kf7 19. Qxg7+ Ke8 20. Rfe1 e5 21. Rad1 e4 22. g3 Be5 23. Bxe5 Qxe5 24. Qg6+ Kd8 25. Qc6 Rc8 26. Qxa6 d4 27. Qb7 Rxc2 28. Rxe4 Qf5 29. Rf4 Qc5 30. Rfxd4 Qxd4 31. Rxd4 Rc7 32. Qxb5 Re8 33. Kg2 Re6 34. h4 Ke7 35. Qg5+ Nf6 36. Rf4 Rd7 37. Qg7+ Kd6 38. Qxf6 Rxf6 39. Rxf6+ Ke5 40. Rf3 Ra7 41. a4 Rb7 42. h5 Ra7 43. Kh3 Rh7 44. Kh4 Ke4 45. Rf4+ Ke5 46. b4 Rg7 47. a5 Ra7 48. h6 Rh7 49. Kg5 Rh8 50. Kg6 Ke6 51. Kg7 Rb8 52. h7 Rb7+ 53. Kg6 Rb8 54. a6 Ra8 55. b5 Rh8 56. b6 Kd7 57. b7 Kc7 58. Kg7 Rb8 59. h8=Q Rxh8 60. Kxh8 Kb8 61. Rb4 Ka7 62. b8=Q+ 1-0

[Event "November 21 Early 2023"]
[Site "https://www.chess.com"]
[Date "2023.11.21"]
[Round "8"]
[White "Ambrogi, Agustin"]
[Black "Mirza, Diana"]
[Result "1-0"]
[Board "180"]
[TimeControl "180+1"]
[WhiteFideId "170933"]
[BlackFideId "2503999"]
[WhiteElo "2214"]
[BlackElo "1813"]
[WhiteTeam "ARG"]
[BlackTeam "IRL"]
[WhiteClock "0:01:14"]
[BlackClock "0:00:04"]

1. e4 e5 2. Nf3 Nc6 3. Bc4 Nf6 4. Ng5 d5 5. exd5 Nxd5 6. d4 f6 7. dxe5 Nxe5 8. Qxd5 Qxd5 9. Bxd5 fxg5 10. Bxg5 c6 11. Bb3 Bf5 12. O-O h6 13. Re1 Bd6 14. Bf4 O-O-O 15. Bxe5 Bxe5 16. Nc3 Bf6 17. Rad1 Rxd1 18. Rxd1 Rd8 19. Rxd8+ Kxd8 20. f3 Kc7 21. Kf2 Kd6 22. Ke3 b5 23. Nd1 a5 24. c3 a4 25. Bg8 Bc2 26. Kd2 Bxd1 27. Kxd1 a3 28. bxa3 Bxc3 29. Kc2 Be5 30. g3 Kc5 31. Kb3 h5 32. Bh7 h4 33. gxh4 Bxh2 34. Be4 Bg3 35. h5 Bf4 36. a4 Kb6 37. Bd3 Bd6 38. Bf1 b4 39. Bc4 Ka5 40. Be6 Be5 41. Bd7 c5 42. Kc4 Bd4 43. Kd5 Bc3 44. Kxc5 Bf6 45. Kc4 Be7 46. f4 Bf6 47. f5 Be5 48. Kd5 Bf6 49. Ke6 Bc3 50. Kf7 Bd4 51. Kg6 Bc3 52. h6 gxh6 53. Kxh6 Bd4 54. Kg6 Bc3 55. f6 Bxf6 56. Kxf6 Kb6 57. Ke5 Kc5 58. a5 Kc4 59. a6 Kc3 60. a7 Kb2 61. a8=Q 1-0

[Event "November 21 Early 2023"]
[Site "https://www.chess.com"]
[Date "2023.11.21"]
[Round "8"]
[White "Lohani, Sujana"]
[Black "Golubenko, Valentina"]
[Result "0-1"]
[Board "181"]
[TimeControl "180+1"]
[WhiteFideId "12311987"]
[BlackFideId "4501993"]
[WhiteElo "1718"]
[BlackElo "2126"]
[WhiteTeam "NEP"]
[BlackTeam "CRO"]
[WhiteClock "0:00:00"]
[BlackClock "0:00:13"]

1. d4 Nf6 2. Nf3 g6 3. c4 Bg7 4. g3 d5 5. Bg2 O-O 6. O-O c6 7. cxd5 cxd5 8. Nc3 Nc6 9. Bf4 a6 10. Rc1 Bf5 11. Qb3 Na5 12. Qa3 Nc4 13. Qb3 b5 14. Nh4 Be6 15. Qc2 Rc8 16. b3 Nd6 17. Qd2 b4 18. Na4 Nde4 19. Qe3 Ng4 20. Rxc8 Qxc8 21. Qc1 Bxd4 22. e3 g5 23. Bxg5 Nxg5 24. exd4 Qxc1 25. Rxc1 Ne4 26. f3 Ne3 27. fxe4 Nxg2 28. Nxg2 dxe4 29. Nc5 Bd5 30. Ne3 Bc6 31. d5 Bb5 32. Nxe4 f5 33. Ng5 h6 34. Ne6 Rf6 35. Rc8+ Kh7 36. Rc7 Rf7 37. Nf4 Kg7 38. Kf2 Kf6 39. Neg2 Ke5 0-1

[Event "November 21 Early 2023"]
[Site "https://www.chess.com"]
[Date "2023.11.21"]
[Round "8"]
[White "Zoete, Roelant"]
[Black "Zepeda Berlanga, Jan Enrique"]
[Result "0-1"]
[Board "182"]
[TimeControl "180+1"]
[WhiteFideId "40103269"]
[BlackFideId "5132355"]
[WhiteElo "2282"]
[BlackElo "1680"]
[WhiteTeam "NED"]
[BlackTeam "MEX"]
[WhiteClock "0:00:09"]
[BlackClock "0:00:02"]

1. e4 c5 2. Nc3 d6 3. f4 Nf6 4. Nf3 Nc6 5. Bb5 Bd7 6. d3 e6 7. O-O Be7 8. Qe1 O-O 9. Qg3 Re8 10. Bxc6 Bxc6 11. f5 exf5 12. exf5 Qd7 13. Bf4 Nh5 14. Qg4 Nxf4 15. Qxf4 Bf6 16. Rae1 h6 17. Ne4 Bxb2 18. f6 Bxe4 19. dxe4 Bxf6 20. Rd1 Re6 21. e5 dxe5 22. Qf5 Qe7 23. Rd5 Rd8 24. Rxd8+ Qxd8 25. h3 e4 26. Nh2 Qd4+ 27. Kh1 e3 28. Nf3 Qe4 29. Qxc5 e2 30. Re1 Bh4 31. Nxh4 Qxh4 32. Qc3 Qf2 33. Rg1 e1=Q 34. Rxe1 Rxe1+ 35. Kh2 Qf4+ 36. g3 Qf2# 0-1

[Event "November 21 Early 2023"]
[Site "https://www.chess.com"]
[Date "2023.11.21"]
[Round "8"]
[White "LLariMarc"]
[Black "Gyulamiryan-koryun"]
[Result "1-0"]
[Board "183"]
[TimeControl "180+1"]
[WhiteElo "2233"]
[BlackElo "1904"]
[WhiteClock "0:02:44"]
[BlackClock "0:00:25"]

1. d4 Nf6 2. Nf3 d5 3. Bg5 e6 4. e3 Be7 5. Nbd2 O-O 6. Bd3 c5 7. c3 Nc6 8. O-O Bd7 9. Qe2 c4 10. Bc2 h6 11. Bh4 Nh7 12. Bxe7 Qxe7 13. e4 Ng5 14. Nxg5 Qxg5 15. Nf3 Qf4 16. g3 Qg4 17. e5 f5 18. Kg2 b5 19. b4 a5 20. a4 bxa4 21. b5 Na7 22. b6 Nb5 23. Qd2 a3 24. Ba4 Rab8 25. Bxb5 Bxb5 26. Rxa3 a4 27. Rb1 Rxb6 28. Rxa4 Rfb8 29. Rab4 Qg6 30. h4 Qf7 31. Ne1 Qc7 32. Nc2 Be8 33. Rxb6 Rxb6 34. Rxb6 Qxb6 35. Nb4 Bh5 36. Qa2 Be2 37. Qxe2 Qa5 38. Qa2 Qb5 39. Qa6 Qd7 40. Qc6 Qe7 41. Qd6 Qe8 42. Nc6 g5 43. hxg5 hxg5 44. Qd8 Kf8 45. Qxe8+ Kxe8 46. f4 g4 47. Kf2 Kd7 48. Nb4 Kc7 49. Ke3 Kb6 50. Kd2 Kb5 51. Kc2 Kb6 52. Kb2 Kb5 53. Ka3 Ka5 54. Nc6+ Kb6 55. Nd8 Kc7 56. Nxe6+ Kd7 57. Ng7 Ke7 58. Nxf5+ Ke6 59. Ne3 Ke7 60. Nxg4 Kd7 61. Ne3 Ke6 62. g4 Ke7 63. Kb4 Kd7 64. Kc5 Ke7 65. Nxd5+ Kd7 66. Ne3 Ke7 67. Kxc4 Kd7 68. Kd3 Ke7 69. c4 Kd7 70. Ke4 Ke7 71. d5 Kd7 72. c5 Ke7 73. f5 Kd7 74. g5 Ke7 75. Kf4 Kd7 76. Kg4 Ke7 77. Kh4 Kd7 78. Kh5 Ke7 79. Kh6 Kd7 80. g6 Ke7 81. f6+ Ke8 82. Nf5 Kf8 83. e6 Ke8 84. d6 Kf8 85. c6 Ke8 86. c7 Kf8 87. c8=Q# 1-0

[Event "November 21 Early 2023"]
[Site "https://www.chess.com"]
[Date "2023.11.21"]
[Round "8"]
[White "bn1462"]
[Black "Vlasova, Nataliya"]
[Result "1-0"]
[Board "184"]
[TimeControl "180+1"]
[BlackFideId "4122682"]
[WhiteElo "1848"]
[BlackElo "1939"]
[BlackTeam "RUS"]
[WhiteClock "0:00:48"]
[BlackClock "0:01:58"]

1. d4 Nf6 2. c4 g6 3. g3 Bg7 4. Bg2 O-O 5. Nf3 d6 6. O-O Nc6 7. d5 e5 8. dxc6 bxc6 9. Nc3 Bb7 10. e4 Qe7 11. Re1 Rad8 12. h3 Nd7 13. Be3 f5 14. Bg5 Nf6 15. Qc1 Qf7 16. Bxf6 Qxf6 17. Qg5 Qf7 18. Rad1 Qxc4 19. exf5 gxf5 20. Nxe5 1-0

[Event "November 21 Early 2023"]
[Site "https://www.chess.com"]
[Date "2023.11.21"]
[Round "8"]
[White "Sanchez Alvares, Kelvin Antonio"]
[Black "Adithya A Chullikkad"]
[Result "1-0"]
[Board "185"]
[TimeControl "180+1"]
[WhiteFideId "3906680"]
[BlackFideId "45078734"]
[WhiteElo "2217"]
[BlackElo "2042"]
[WhiteTeam "VEN"]
[BlackTeam "IND"]
[WhiteClock "0:02:19"]
[BlackClock "0:01:48"]

1. e4 c5 2. Nf3 Nc6 3. d4 cxd4 4. Nxd4 e5 5. Nb5 d6 6. c4 Be6 7. N1c3 a6 8. Na3 Be7 9. g3 Nf6 10. Bg2 O-O 11. O-O Nd4 12. Be3 Nc6 13. Nd5 Nd7 14. Qd2 f5 15. exf5 Bxf5 16. Rfd1 Nc5 17. Nxe7+ Qxe7 18. Qxd6 Qxd6 19. Rxd6 Nd4 20. f4 exf4 21. Bxd4 fxg3 22. Bxc5 1-0

[Event "November 21 Early 2023"]
[Site "https://www.chess.com"]
[Date "2023.11.21"]
[Round "8"]
[White "GMT4114"]
[Black "Bazzano, Sebastian"]
[Result "0-1"]
[Board "186"]
[TimeControl "180+1"]
[BlackFideId "104566"]
[WhiteElo "1948"]
[BlackElo "2330"]
[BlackTeam "ARG"]
[WhiteClock "0:00:00"]
[BlackClock "0:00:28"]

1. e4 e6 2. d4 d5 3. Nc3 dxe4 4. Nxe4 Bd7 5. Nf3 Bc6 6. Bd3 Bxe4 7. Bxe4 c6 8. O-O Nf6 9. Bd3 Bd6 10. Bg5 Nbd7 11. c4 Qc7 12. h3 O-O 13. Re1 Bf4 14. Qe2 Rfe8 15. Rad1 Bxg5 16. Nxg5 g6 17. Nf3 Rad8 18. Ne5 Nf8 19. Bb1 c5 20. Qf3 N8d7 21. Nxd7 Nxd7 22. dxc5 Nxc5 23. b3 a5 24. h4 a4 25. b4 Na6 26. h5 Nxb4 27. h6 Qe7 28. Qc3 e5 29. Rxd8 Rxd8 30. Rxe5 Rd1+ 31. Kh2 Qh4+ 32. Qh3 Qxh3+ 33. gxh3 f6 34. Re7 Rxb1 35. Rg7+ Kf8 36. Rxh7 Nd3 37. Rg7 Ne5 38. f4 Rb2+ 39. Kg3 Nf7 40. Rxg6 Rxa2 41. h7 a3 42. Rxf6 Kg7 43. Rxf7+ Kh8 44. Rxb7 Rc2 45. Ra7 Rxc4 46. Rxa3 Kxh7 47. Ra6 Kg7 48. Kg4 Rc1 49. h4 Rc5 50. Re6 Kf7 51. Re5 Rc1 52. Rg5 Rg1+ 53. Kf5 Rc1 54. h5 Rh1 0-1

[Event "November 21 Early 2023"]
[Site "https://www.chess.com"]
[Date "2023.11.21"]
[Round "9"]
[White "Nakamura, Hikaru"]
[Black "Carlsen, Magnus"]
[Result "0-1"]
[Board "1"]
[TimeControl "180+1"]
[WhiteFideId "2016192"]
[BlackFideId "1503014"]
[WhiteElo "2874"]
[BlackElo "2887"]
[WhiteTeam "USA"]
[BlackTeam "NOR"]
[WhiteClock "0:01:25"]
[BlackClock "0:02:25"]

1. h4 b5 2. h5 Bb7 3. d4 h6 4. Nf3 Nf6 5. Bf4 e6 6. e3 a6 7. Nbd2 Bd6 8. Bxd6 cxd6 9. Bc4 bxc4 10. Nxc4 Qc7 11. Ncd2 Nc6 12. c4 Ne7 13. Qe2 O-O 14. e4 d5 15. cxd5 exd5 16. e5 Ne4 17. O-O a5 18. Rfc1 Qb6 19. Nb3 Rac8 20. Qe3 Rxc1+ 21. Rxc1 a4 22. Nc5 Nxc5 23. Rxc5 Qxb2 24. g4 Qxa2 25. g5 Qb1+ 26. Rc1 Qe4 27. Qa3 Qg4+ 28. Kf1 Ba6+ 0-1

[Event "November 21 Early 2023"]
[Site "https://www.chess.com"]
[Date "2023.11.21"]
[Round "9"]
[White "Andreikin, Dmitry"]
[Black "Maghsoodloo, Parham"]
[Result "1/2-1/2"]
[Board "2"]
[TimeControl "180+1"]
[WhiteFideId "4158814"]
[BlackFideId "12539929"]
[WhiteElo "2741"]
[BlackElo "2660"]
[WhiteTeam "FID"]
[BlackTeam "IRI"]
[WhiteClock "0:00:33"]
[BlackClock "0:00:23"]

1. d4 Nf6 2. c4 e6 3. Nf3 b6 4. a3 Bb7 5. Nc3 d5 6. cxd5 Nxd5 7. e3 Be7 8. Bb5+ c6 9. Bd3 O-O 10. e4 Nxc3 11. bxc3 c5 12. O-O Nd7 13. Qe2 Rc8 14. a4 cxd4 15. cxd4 h6 16. Rd1 Qc7 17. Bb2 Rfd8 18. Qe3 Nf6 19. h3 Nh5 20. Ne5 Bg5 21. Qf3 Nf4 22. Bb1 Ba6 23. Re1 f6 24. Ng4 h5 25. Ne3 Nd3 26. Bxd3 Bxd3 27. Rad1 Bc2 28. Rc1 Bxe3 29. Rxe3 Qf7 30. a5 b5 31. Qe2 Ba4 32. Rxc8 Rxc8 33. Rc3 Rxc3 34. Bxc3 Qc7 35. Qxh5 Qxc3 36. Qe8+ Kh7 37. Qh5+ Kg8 38. Qe8+ Kh7 39. Qh5+ Kg8 1/2-1/2

[Event "November 21 Early 2023"]
[Site "https://www.chess.com"]
[Date "2023.11.21"]
[Round "9"]
[White "Le, Tuan Minh"]
[Black "Erigaisi Arjun"]
[Result "0-1"]
[Board "3"]
[TimeControl "180+1"]
[WhiteFideId "12401153"]
[BlackFideId "35009192"]
[WhiteElo "2561"]
[BlackElo "2729"]
[WhiteTeam "VIE"]
[BlackTeam "IND"]
[WhiteClock "0:00:00"]
[BlackClock "0:00:32"]

1. d4 e6 2. Nf3 c5 3. c3 Nc6 4. Bf4 cxd4 5. cxd4 Qb6 6. Qd2 Nf6 7. Nc3 Bb4 8. e3 Ne4 9. Qc2 Qa5 10. Nd2 Nxc3 11. bxc3 Bxc3 12. Rc1 Bb4 13. Bd3 d5 14. Ke2 Bd7 15. Nb3 Qa4 16. Nc5 Qxc2+ 17. Rxc2 Bxc5 18. Rxc5 Ke7 19. a3 Rhc8 20. Rhc1 b6 21. R5c3 Na5 22. Rc7 Nc4 23. Bxc4 Rxc7 24. Bxc7 dxc4 25. e4 Rc8 26. Bf4 c3 27. d5 exd5 28. exd5 Bf5 29. Be5 c2 30. Bxg7 Rg8 31. Be5 Rxg2 32. Bg3 Be4 33. d6+ Kd7 34. Kd2 f5 35. Ke3 h5 36. h4 b5 37. Bf4 a5 38. Bg3 b4 39. axb4 axb4 40. Kd4 b3 41. Kc3 f4 42. Bxf4 Rxf2 43. Bg5 Rf3+ 44. Kb2 Kxd6 45. Re1 Kd5 46. Rg1 Kc4 47. Re1 Bd5 48. Bc1 Rf6 0-1

[Event "November 21 Early 2023"]
[Site "https://www.chess.com"]
[Date "2023.11.21"]
[Round "9"]
[White "Pranesh M"]
[Black "Le, Quang Liem"]
[Result "0-1"]
[Board "4"]
[TimeControl "180+1"]
[WhiteFideId "35028600"]
[BlackFideId "12401137"]
[WhiteElo "2481"]
[BlackElo "2665"]
[WhiteTeam "IND"]
[BlackTeam "VIE"]
[WhiteClock "0:00:03"]
[BlackClock "0:00:12"]

1. e4 c5 2. Nf3 Nc6 3. d4 cxd4 4. Nxd4 e5 5. Nb5 d6 6. N1c3 a6 7. Na3 Be6 8. Nc4 Rb8 9. Ne3 Nf6 10. Bd3 g6 11. O-O Bh6 12. Ned5 Bxc1 13. Qxc1 Bxd5 14. Nxd5 Nxd5 15. exd5 Ne7 16. c4 f5 17. Qh6 Kf7 18. Rae1 Ng8 19. Qe3 Nf6 20. c5 Re8 21. Bc4 Kg7 22. b4 dxc5 23. bxc5 Nxd5 24. Qb3 Nf6 25. Qb2 Qc7 26. Rc1 Re7 27. Qb6 Rc8 28. Bb3 Nd7 29. Qb4 Nxc5 30. Rc3 b6 31. Qh4 Qd8 32. Rh3 h5 33. Bc2 Rf7 34. Qb4 a5 35. Qb5 Qf6 36. Rb1 Ne6 37. Bd1 Nd4 38. Qf1 e4 39. a4 Rfc7 40. Ra3 Rc1 41. Raa1 Rxb1 42. Rxb1 Rc6 43. Qe1 h4 44. h3 Rd6 45. Qe3 Ne6 46. Be2 Qd4 47. Qa3 Nc5 48. Rd1 Qe5 49. Rxd6 Qxd6 50. Qb2+ Qf6 51. Qc1 Ne6 52. Qc7+ Nxc7 0-1

[Event "November 21 Early 2023"]
[Site "https://www.chess.com"]
[Date "2023.11.21"]
[Round "9"]
[White "Liang, Awonder"]
[Black "Sadhwani, Raunak"]
[Result "1-0"]
[Board "5"]
[TimeControl "180+1"]
[WhiteFideId "2056437"]
[BlackFideId "35093487"]
[WhiteElo "2527"]
[BlackElo "2668"]
[WhiteTeam "USA"]
[BlackTeam "IND"]
[WhiteClock "0:00:02"]
[BlackClock "0:00:01"]

1. Nf3 Nf6 2. b3 g6 3. Bb2 Bg7 4. g3 O-O 5. Bg2 d6 6. d4 b5 7. Ne5 dxe5 8. Bxa8 c6 9. a4 b4 10. dxe5 Nd5 11. Bd4 Qa5 12. Nd2 Nc7 13. Nc4 Qd5 14. f3 Nxa8 15. Bxa7 Nd7 16. Bd4 Ba6 17. Ne3 Qe6 18. f4 c5 19. Bb2 Bb7 20. O-O Qc6 21. Kf2 Nc7 22. Qd3 Ba6 23. Qd2 Nb8 24. Rfd1 Bb7 25. Qd3 Qe6 26. c4 bxc3 27. Qxc3 Qh3 28. Kg1 Ne6 29. Qc4 h5 30. Nd5 h4 31. Rd3 Ba6 32. Qe4 Bxd3 33. Qxd3 Nc6 34. a5 Rd8 35. a6 hxg3 36. hxg3 Nb4 37. Nxe7+ Kf8 38. Qf3 Kxe7 39. a7 Nc7 40. Bc3 Na8 41. Be1 Kf8 42. Bf2 Kg8 43. Bxc5 Nc2 44. Rc1 Qf5 45. e4 Qd7 46. Rxc2 Qb5 47. Bf2 Bf8 48. Kg2 Nb6 49. e6 fxe6 50. f5 exf5 51. exf5 gxf5 52. Bxb6 Qxb6 53. a8=Q 1-0

[Event "November 21 Early 2023"]
[Site "https://www.chess.com"]
[Date "2023.11.21"]
[Round "9"]
[White "Maksimovic, Bojan"]
[Black "Dubov, Daniil"]
[Result "0-1"]
[Board "6"]
[TimeControl "180+1"]
[WhiteFideId "14408120"]
[BlackFideId "24126055"]
[WhiteElo "2546"]
[BlackElo "2767"]
[WhiteTeam "BIH"]
[BlackTeam "RUS"]
[WhiteClock "0:00:07"]
[BlackClock "0:00:05"]

1. a3 g6 2. e4 c5 3. Bc4 Bg7 4. Nf3 Nc6 5. d3 e6 6. Ba2 Nge7 7. Nc3 a6 8. O-O b5 9. Be3 d6 10. d4 cxd4 11. Nxd4 O-O 12. Qd2 Bb7 13. Rad1 Rc8 14. Nde2 b4 15. axb4 Nxb4 16. Bb3 a5 17. Qxd6 Qxd6 18. Rxd6 Ba6 19. Rc1 Nec6 20. f4 Bxe2 21. Nxe2 Bxb2 22. Rb1 Bf6 23. c3 Be7 24. Rd7 Na6 25. Nd4 Bc5 26. Ba4 Ncb8 27. Rdb7 Rfd8 28. Kf2 Bf8 29. f5 Nc5 30. Bc2 Nxb7 31. Rxb7 Rxc3 32. fxe6 fxe6 33. Bb3 Bc5 34. Nxe6 Bxe3+ 35. Ke1 Rdc8 36. Bd5 Kh8 37. Ke2 a4 38. Rf7 Bh6 39. Ra7 a3 40. g4 Re3+ 41. Kf2 Rc2+ 42. Kf1 Rf3+ 43. Ke1 Rc1+ 44. Ke2 Re3+ 45. Kf2 Rc2+ 46. Kf1 Rc8 47. g5 Bf8 48. Rf7 Bb4 49. Ra7 Rd3 50. Ke2 Rdc3 51. h4 Nc6 52. Ra4 Be7 53. h5 gxh5 54. g6 hxg6 55. Ra6 Ne5 56. Nf4 Kg7 57. Re6 Bf6 58. Ra6 Rc2+ 59. Kd1 Rc1+ 60. Kd2 R8c2+ 61. Ke3 Bg5 62. Ra7+ Kh6 63. Bg8 Rc3+ 64. Kd4 Bxf4 65. Rh7+ Kg5 66. Rxh5+ gxh5 67. Bc4 0-1

[Event "November 21 Early 2023"]
[Site "https://www.chess.com"]
[Date "2023.11.21"]
[Round "9"]
[White "Nihal Sarin"]
[Black "Materia, Marco"]
[Result "1-0"]
[Board "7"]
[TimeControl "180+1"]
[WhiteFideId "25092340"]
[BlackFideId "45150451"]
[WhiteElo "2689"]
[BlackElo "2451"]
[WhiteTeam "IND"]
[BlackTeam "FRA"]
[WhiteClock "0:01:39"]
[BlackClock "0:01:19"]

1. d4 Nf6 2. c4 e6 3. Nf3 d5 4. Nc3 Be7 5. Bg5 h6 6. Bxf6 Bxf6 7. e3 O-O 8. Qc2 c6 9. O-O-O Nd7 10. h4 dxc4 11. g4 g6 12. g5 hxg5 13. hxg5 Bxg5 14. Bxc4 Kg7 15. Rdg1 Bf6 16. Bxe6 Qe8 17. Bxf7 Qxf7 18. Ne4 Rh8 19. Rxh8 Kxh8 20. Nxf6 Qxf6 21. Rxg6 Qxf3 22. Rh6+ Kg7 23. Qg6+ Kf8 24. Rh8+ Ke7 25. Re8# 1-0

[Event "November 21 Early 2023"]
[Site "https://www.chess.com"]
[Date "2023.11.21"]
[Round "9"]
[White "Halkias, Stelios"]
[Black "Shimanov, Aleksandr"]
[Result "1-0"]
[Board "8"]
[TimeControl "180+1"]
[WhiteFideId "4201809"]
[BlackFideId "4198603"]
[WhiteElo "2462"]
[BlackElo "2611"]
[WhiteTeam "GRE"]
[BlackTeam "RUS"]
[WhiteClock "0:00:54"]
[BlackClock "0:00:03"]

1. Nf3 d5 2. d4 Nf6 3. c4 c6 4. Nc3 dxc4 5. e4 b5 6. Be2 e6 7. O-O Be7 8. a4 b4 9. e5 Nd5 10. Ne4 Ba6 11. Bg5 O-O 12. Bxe7 Qxe7 13. Rc1 c3 14. bxc3 bxc3 15. Nxc3 Qb4 16. Ne4 Bxe2 17. Qxe2 Qxa4 18. Nc5 Qb5 19. Qe4 h6 20. Ra1 a5 21. Rfb1 Nb4 22. Qg4 N8a6 23. Ne4 Kh8 24. Nfg5 hxg5 25. Rb3 Kg8 26. Nxg5 Qc4 27. Rh3 f6 28. Rh8+ Kxh8 29. Qh5+ Kg8 30. Qh7# 1-0